 Dungeon Crawl Stone Soup version 0.20.1-1-g8b1a95d (webtiles) character file.

32 Lorindel the Conjurer (level 3, -3/14 HPs)
             Began as a Felid Conjurer on July 21, 2017.
             Slain by a worm (7 damage)
             ... on level 2 of the Dungeon.
             The game lasted 00:06:47 (1538 turns).

Lorindel the Conjurer (Felid Conjurer)              Turns: 1538, Time: 00:06:48

Health: -3/14      AC:  1    Str:  4    XL:     3   Next: 8%
Magic:  1/7        EV: 18    Int: 17    God:
Gold:   108        SH:  0    Dex: 16    Spells: 4/7 levels left
                                        Lives:  0   Deaths: 0

rFire    . . .     SeeInvis +     - Unarmed
rCold    . . .     Gourm    .   (shield unavailable)
rNeg     . . .     Faith    .   (armour unavailable)
rPois    .         Spirit   .   (helmet unavailable)
rElec    .         Reflect  .   (cloak unavailable)
rCorr    .         Harm     .   (gloves unavailable)
MR       .....                  (boots unavailable)
Stlth    +++.......             (no amulet)
Regen    0.1/turn               (no ring)
MPRegen  0.1/turn               (no ring)

@: quick
A: no armour, no weapons or thrown items, stealth, claws 1, fangs 3, see
invisible, carnivore 3, speed 1, shaggy fur 1, slow metabolism 1, sharp paws
a: no special abilities


You were on level 2 of the Dungeon.
You were very full.

You visited 1 branch of the dungeon, and saw 2 of its levels.

You collected 108 gold pieces.

Inventory:

Missiles
 d - 15 stones
 g - 24 arrows
Potions
 l - a potion of heal wounds {unknown}
Books
 a - a book of Conjurations

   Spells                             Type                      Level
   a - Magic Dart                     Conjuration                  1
   b - Searing Ray                    Conjuration                  2
   c - Dazzling Spray                 Conjuration/Hexes            3
   d - Fulminant Prism                Conjuration/Hexes            4
   e - Force Lance                    Conjuration/Translocation    4
   f - Iskenderun's Mystic Blast      Conjuration                  4
Comestibles
 b - a meat ration
 c - 2 chunks of flesh
 h - 2 royal jellies


   Skills:
 + Level 0.2 Fighting
 + Level 2.9 Dodging
 + Level 3.2 Stealth
 + Level 1.1 Unarmed Combat
 * Level 2.5 Spellcasting
 + Level 3.7 Conjurations


You had 4 spell levels left.
You knew the following spells:

 Your Spells              Type           Power        Failure   Level  Hunger
a - Magic Dart            Conj           ##..         3%          1    #......
b - Searing Ray           Conj           ##....       6%          2    ##.....


Dungeon Overview and Level Annotations

Branches:
Dungeon (2/15)

Altars:


Innate Abilities, Weirdness & Mutations

You cannot wear armour.
You are incapable of wielding weapons or throwing items.
Your paws allow you to move quietly. (Stealth)
You have sharp claws.
You have razor-sharp teeth.
You have supernaturally acute eyesight. (SInv)
You are carnivorous and can eat meat at any time.
You cover ground quickly.
You are covered in fur. (AC +1)
You have a slow metabolism.
Your sharp claws are effective at attacking unaware monsters.


Message History

You scratch the worm but do no damage. You scratch the worm.
You bite the worm, but do no damage.
The worm is lightly wounded.
The worm closely misses you.
You barely miss the worm. You bite the worm, but do no damage.
You scratch the worm.
The worm is lightly wounded.
The worm bites you!
Ouch! That really hurt!
* * * LOW HITPOINT WARNING * * *
You scratch the worm.
The worm is moderately wounded.
The worm completely misses you.
You scratch the worm.
The worm is moderately wounded.
You scratch the worm. You bite the worm.
The worm is severely wounded.
The worm bites you!
Ouch! That really hurt!
You die...

##### #...#####
#..?..w.#######
##...###@......h
##.###.##########
####.## #.#
#....# .# #.##.#
# # #.###.#
#####w#.##...
.............
#.#####....)...


You could see a worm and a jackal (sleeping).

Vanquished Creatures
  An adder (D:2)
  A dart slug (D:1)
  4 bats (D:1)
  A giant cockroach (D:1)
  A goblin (D:1)
  3 hobgoblins (D:1)
  3 jackals (D:1)
  A quokka (D:2)
  A frilled lizard (D:1)
  2 kobolds (D:1)
  2 rats
20 creatures vanquished.

Notes
Turn   | Place    | Note
-------+----------+-------------------------------------------
     0 | D:1      | Lorindel the Felid Conjurer began the quest for the Orb.
     0 | D:1      | Reached XP level 1. HP: 7/7 MP: 4/4
   469 | D:1      | Reached XP level 2. HP: 11/11 MP: 1/6
  1005 | D:1      | Learned a level 2 spell: Searing Ray
  1242 | D:1      | Reached skill level 1 in Unarmed Combat
  1531 | D:2      | Reached XP level 3. HP: 14/14 MP: 1/7
  1538 | D:2      | Slain by a worm

Skill      XL: |  1  2 |
---------------+-------+-----
Stealth        | 3 |  3.2
Unarmed Combat | 1 |  1.1
Fighting       | |  0.2
Dodging        | |  2.9
Spellcasting   | |  2.5
Conjurations   | |  3.7

Action                   || total
-------------------------++-------
Melee: Unarmed           ||    71
       Bite              ||     8
       Punch             ||     2
 Cast: Magic Dart        ||    17
       Searing Ray       ||     2
  Use: Scroll            ||     5
       Potion            ||     1
 Stab: Sleeping          ||     1
  Eat: Chunk             ||     8
Armor: Skin              ||     7
Dodge: Dodged            ||    86
